[Event "Titled Tuesday Blitz March 01 Early 2022"]
[White "Batsiashvili, Nino"]
[Black "Tanenbaum, Zachary"]
[WhiteFideId "13602993"]
[BlackFideId "2060850"]
[WhiteElo "2230"]
[BlackElo "2168"]
[Result "1-0"]
[Round "09"]
[TimeControl "180+1"]
[Date "2022.03.01"]
[WhiteClock "0:00:21"]
[BlackClock "0:00:07"]

1. d4 d5 2. c4 Bf5 3. cxd5 Bxb1 4. Rxb1 Qxd5 5. Nf3 Qxa2 6. Qc2 e6 7. Bd2 Nc6 8. Rc1 Nf6 9. e3 Bb4 10. Bb5 O-O 11. Bxc6 Bxd2+ 12. Nxd2 bxc6 13. O-O Rab8 14. Nc4 Qb3 15. Qxb3 Rxb3 16. Ra1 Nd5 17. Rxa7 Nb6 18. Rc1 Nxc4 19. Rxc4 Rxb2 20. g4 h5 21. gxh5 Rd8 22. Rxc6 Rd5 23. Rc5 c6 24. Rc7 Kh7 25. R7xc6 Rd8 26. Rc2 Rb1+ 27. Kg2 Rd5 28. R6c5 Rd8 29. Rc7 Kg8 30. Ra7 Rb5 31. Rc5 Rdb8 32. Kg3 Rb1 33. Rcc7 Rg1+ 34. Kf3 Rf8 35. e4 Rg5 36. Rc5 f5 37. e5 Rxh5 38. Re7 Rh6 39. Rc6 Rxh2 40. Rcxe6 Rh3+ 41. Kg2 Rh4 42. Rg6 Rf7 43. Rxf7 Kxf7 44. Rd6 g5 45. d5 Ke7 46. Re6+ Kd7 47. Rf6 Rg4+ 48. Kf3 Rf4+ 49. Kg3 Rg4+ 50. Kh2 Rh4+ 51. Kg2 Rg4+ 52. Kf1 Rf4 53. Rf7+ Ke8 54. e6 Rd4 55. Rxf5 g4 56. Kg2 Ke7 57. Kg3 Kd6 58. Kh4 Ke7 59. Kg5 Re4 60. Rf7+ Ke8 61. Rd7 Re2 62. Kxg4 Rxf2 63. Kg5 Rf1 64. Kg6 Rf2 65. Ra7 Rd2 66. Kf6 Rf2+ 67. Ke5 Kd8 68. d6 Re2+ 69. Kf5 Rf2+ 70. Kg4 Kc8 71. d7+ Kb8 72. d8=Q+ Kxa7 73. Qd4+ Kb7 74. Qxf2 Kc6 75. Qf7 Kd6 76. e7 Ke5 77. e8=Q+ Kd4 78. Qfd7+ Kc5 79. Qec8+ Kb6 80. Qdb7+ Ka5 81. Qca8# 1-0


[Site "https://www.chess.com"]

[Event "Titled Tuesday Blitz March 01 Early 2022"]
[White "Belyakov, Bogdan"]
[Black "Korchmar, Vasiliy"]
[WhiteFideId "24104795"]
[BlackFideId "24131750"]
[WhiteElo "2407"]
[BlackElo "2370"]
[Result "1-0"]
[Round "09"]
[TimeControl "180+1"]
[Date "2022.03.01"]
[WhiteClock "0:01:24"]
[BlackClock "0:00:51"]

1. e4 c5 2. c3 Nf6 3. e5 Nd5 4. d4 cxd4 5. cxd4 e6 6. Nf3 d6 7. Bc4 Be7 8. O-O O-O 9. Qe2 b6 10. Rd1 Bb7 11. Bxd5 Bxd5 12. Nc3 Bxf3 13. Qxf3 d5 14. Qg4 Kh8 15. Rd3 f5 16. exf6 Bxf6 17. Rh3 Qe8 18. Ne2 Nc6 19. Nf4 Kg8 20. Be3 Nxd4 21. Bxd4 Bxd4 22. Nxe6 Bxf2+ 23. Kh1 Qd7 24. Rxh7 Bd4 25. Qh5 1-0


[Site "https://www.chess.com"]

[Event "Titled Tuesday Blitz March 01 Early 2022"]
[White "Boraso, Alessio"]
[Black "Pischal, Yulia"]
[WhiteFideId "848077"]
[BlackFideId "14102390"]
[WhiteElo "2277"]
[BlackElo "1931"]
[Result "0-1"]
[Round "09"]
[TimeControl "180+1"]
[Date "2022.03.01"]
[WhiteClock "0:00:03"]
[BlackClock "0:00:28"]

1. e4 c5 2. Nf3 d6 3. d4 cxd4 4. Nxd4 Nf6 5. Nc3 Nc6 6. Bg5 e6 7. Nxc6 bxc6 8. e5 dxe5 9. Qxd8+ Kxd8 10. Ne4 Be7 11. O-O-O+ Kc7 12. f3 a5 13. Be3 Ba6 14. Nc5 Bxc5 15. Bxc5 Bxf1 16. Bd6+ Kb7 17. Rhxf1 Nd7 18. Rf2 f6 19. Rfd2 Nb6 20. Bc5 Kc7 21. Bxb6+ Kxb6 22. Rd7 Rhg8 23. R1d6 Rae8 24. Rf7 Ref8 25. Re7 Re8 26. Rdxe6 Rxe7 27. Rxe7 h5 28. h4 Kc5 29. Rd7 g5 30. Ra7 Kb6 31. Rf7 gxh4 32. Rxf6 Rxg2 33. Rf5 h3 34. Rxh5 h2 35. b3 Rg1+ 0-1


[Site "https://www.chess.com"]

[Event "Titled Tuesday Blitz March 01 Early 2022"]
[White "Brunner, Nicolas"]
[Black "Rodchenkov, Vitaly"]
[WhiteFideId "620246"]
[BlackFideId "4152964"]
[WhiteElo "2372"]
[BlackElo "2337"]
[Result "1-0"]
[Round "09"]
[TimeControl "180+1"]
[Date "2022.03.01"]
[WhiteClock "0:00:22"]
[BlackClock "0:00:18"]

1. d4 Nf6 2. c4 e6 3. g3 d5 4. Bg2 Be7 5. Nf3 O-O 6. O-O b6 7. cxd5 exd5 8. Nc3 Bb7 9. Bf4 Na6 10. Rc1 Re8 11. Ne5 Bf8 12. Qa4 c5 13. dxc5 Nxc5 14. Qd4 Ne6 15. Qd2 Nxf4 16. gxf4 Bd6 17. Nc4 Bb4 18. Rfd1 Ne4 19. Bxe4 dxe4 20. Qxd8 Raxd8 21. a3 Bf8 22. Nb5 Rxd1+ 23. Rxd1 Ba6 24. Nc7 Rc8 25. Nxa6 Rxc4 26. Rd7 Rc2 27. Rxa7 Rxe2 28. b4 g6 29. Nc7 e3 30. fxe3 Rxe3 31. Ra8 Kg7 32. Ne8+ Kh6 33. Nf6 Bg7 34. Ng4+ 1-0


[Site "https://www.chess.com"]

[Event "Titled Tuesday Blitz March 01 Early 2022"]
[White "Bryakin, Mikhail"]
[Black "Godzwon, Iwo"]
[WhiteFideId "4165314"]
[BlackFideId "21802483"]
[WhiteElo "2421"]
[BlackElo "2201"]
[Result "1-0"]
[Round "09"]
[TimeControl "180+1"]
[Date "2022.03.01"]
[WhiteClock "0:00:19"]
[BlackClock "0:00:03"]

1. e4 c5 2. d4 cxd4 3. c3 dxc3 4. Nxc3 e6 5. Nf3 a6 6. Bg5 Be7 7. Bxe7 Nxe7 8. Qd6 O-O 9. Bd3 Nbc6 10. O-O-O b5 11. h4 Qb6 12. h5 Qb8 13. e5 Bb7 14. h6 Qxd6 15. exd6 Ng6 16. Ne4 Nb4 17. Bb1 Nxa2+ 18. Kd2 Nb4 19. Neg5 Nd5 20. hxg7 Rfc8 21. Rxh7 Nf6 22. Rh6 Kxg7 23. Rdh1 Rh8 24. Nxf7 Kxf7 25. Bxg6+ Kg7 26. Rxh8 Rxh8 27. Rxh8 Kxh8 28. Ne5 Bxg2 29. Kc3 Kg7 30. Bd3 Be4 31. Be2 Bc6 32. Kb4 Bb7 33. Kc5 Bc8 34. Kb6 Nd5+ 35. Ka7 a5 36. Kb8 Kf6 37. Ng4+ Kg5 38. Kxc8 b4 39. Kxd7 1-0


[Site "https://www.chess.com"]

[Event "Titled Tuesday Blitz March 01 Early 2022"]
[White "Budrewicz, Krzysztof"]
[Black "Martinez, Shawn"]
[WhiteFideId "1127950"]
[BlackFideId "2039770"]
[WhiteElo "2248"]
[BlackElo "2174"]
[Result "1-0"]
[Round "09"]
[TimeControl "180+1"]
[Date "2022.03.01"]
[WhiteClock "0:01:41"]
[BlackClock "0:01:07"]

1. d4 Nf6 2. c4 g6 3. Nc3 Bg7 4. e4 d6 5. g3 O-O 6. Bg2 Nc6 7. d5 Na5 8. Qd3 c5 9. Nge2 b6 10. O-O e6 11. dxe6 Bxe6 12. b3 Nd7 13. Qxd6 Ne5 14. Qxd8 Rfxd8 15. f4 Nd3 16. e5 Rac8 17. Nd5 Nxc1 18. Raxc1 Nc6 19. Rcd1 Bg4 20. Rd2 Bxe2 21. Rxe2 Nd4 22. Rd2 h5 23. Kf2 Kf8 24. Rfd1 b5 25. cxb5 Nxb5 26. Rc1 Nd4 27. Rc4 Kg8 28. Ne7+ Kh7 29. Nxc8 Rxc8 30. Rdxd4 1-0


[Site "https://www.chess.com"]

[Event "Titled Tuesday Blitz March 01 Early 2022"]
[White "Carlsson, Ludvig"]
[Black "Garriga Cazorla, Pere"]
[WhiteFideId "1727010"]
[BlackFideId "32011601"]
[WhiteElo "2178"]
[BlackElo "2458"]
[Result "0-1"]
[Round "09"]
[TimeControl "180+1"]
[Date "2022.03.01"]
[WhiteClock "0:00:01"]
[BlackClock "0:00:19"]

1. e4 c5 2. Nf3 d6 3. d4 cxd4 4. Nxd4 Nf6 5. Nc3 a6 6. Bg5 Nbd7 7. Bc4 Qb6 8. Bb3 e6 9. Qd2 Be7 10. Be3 Nc5 11. f3 Qc7 12. O-O-O h5 13. Kb1 b5 14. Ndxb5 axb5 15. Nxb5 Qa5 16. Bxc5 dxc5 17. Nd6+ Kf8 18. Qxa5 Rxa5 19. Nxc8 Ra8 20. Nb6 Rb8 21. Nd7+ Nxd7 22. Rxd7 Bf6 23. c3 h4 24. h3 Be5 25. Rhd1 Rh5 26. Ra7 Rg5 27. Rdd7 Rxg2 28. Rxf7+ Kg8 29. f4 c4 30. fxe5 cxb3 31. Rfb7 Rf8 32. axb3 Rff2 33. Ka1 Kh7 34. c4 Kh6 35. c5 Rc2 36. b4 g6 37. Rh7+ Kg5 38. Rhe7 Rxb2 39. Rxe6 Rbe2 40. Rxg6+ Kxg6 41. Ra6+ Kg5 0-1


[Site "https://www.chess.com"]

[Event "Titled Tuesday Blitz March 01 Early 2022"]
[White "Caruana, Fabiano"]
[Black "Jones, Gawain C B"]
[WhiteFideId "2020009"]
[BlackFideId "409561"]
[WhiteElo "2980"]
[BlackElo "2902"]
[Result "1-0"]
[Round "09"]
[TimeControl "180+1"]
[Date "2022.03.01"]
[WhiteClock "0:00:24"]
[BlackClock "0:00:06"]

1. d4 Nf6 2. c4 g6 3. Nc3 Bg7 4. e4 d6 5. h3 O-O 6. Be3 e5 7. d5 Na6 8. g4 Nc5 9. f3 a5 10. Nge2 Bd7 11. Ng3 h5 12. Bg5 h4 13. Nge2 c6 14. Qd2 a4 15. Bg2 Qb6 16. Rb1 Qb4 17. O-O Qxc4 18. Rfd1 Rfe8 19. Rbc1 Qa6 20. Bxh4 cxd5 21. Bxf6 Bxf6 22. Nxd5 Bd8 23. Nec3 Ne6 24. Qf2 Bg5 25. Rc2 Rac8 26. h4 Bd8 27. g5 Kg7 28. Rcd2 Nf4 29. Bf1 Qc6 30. Kh2 Nxd5 31. Rxd5 Bb6 32. Qd2 Bd4 33. Rxd4 exd4 34. Qxd4+ Kg8 35. Nd5 Re6 36. Bh3 Qc5 37. Bxe6 Qxd4 38. Rxd4 Bxe6 39. Ne7+ 1-0


[Site "https://www.chess.com"]

[Event "Titled Tuesday Blitz March 01 Early 2022"]
[White "Chernomordik, Pavel"]
[Black "Kadam, Om Manish"]
[WhiteFideId "2804530"]
[BlackFideId "45076294"]
[WhiteElo "2249"]
[BlackElo "1729"]
[Result "0-1"]
[Round "09"]
[TimeControl "180+1"]
[Date "2022.03.01"]
[WhiteClock "0:00:31"]
[BlackClock "0:01:26"]

1. e4 c6 2. Nc3 d5 3. Qf3 dxe4 4. Nxe4 Nf6 5. Nxf6+ exf6 6. Bc4 Be7 7. Ne2 O-O 8. d4 Nd7 9. Bd2 Nb6 10. Bb3 a5 11. a4 Re8 12. O-O Bf8 13. c3 Be6 14. Bxe6 Rxe6 15. Ng3 Qd5 16. Qg4 g6 17. Qd1 Nc4 18. Bc1 Rae8 19. b3 Nb6 20. c4 Qd7 21. Be3 Nc8 22. Qd2 Nd6 23. Qxa5 h5 24. Rfd1 h4 25. Ne2 Nf5 26. Nf4 Nxe3 27. Nxe6 Nxd1 28. Nxf8 Qxd4 0-1


[Site "https://www.chess.com"]

[Event "Titled Tuesday Blitz March 01 Early 2022"]
[White "Clawitter, Craig"]
[Black "Kaplan, Ebru"]
[WhiteFideId "2023105"]
[BlackFideId "6315194"]
[WhiteElo "2227"]
[BlackElo "1941"]
[Result "0-1"]
[Round "09"]
[TimeControl "180+1"]
[Date "2022.03.01"]
[WhiteClock "0:00:01"]
[BlackClock "0:00:10"]

1. e4 c5 2. Nf3 d6 3. d4 cxd4 4. Nxd4 Nf6 5. Nc3 a6 6. Be3 e6 7. f4 Be7 8. Qf3 Qb6 9. O-O-O Qa5 10. g4 Nc6 11. Nxc6 bxc6 12. e5 Nd5 13. exd6 Bxd6 14. Ne4 Be7 15. Kb1 Rb8 16. Bd4 O-O 17. g5 c5 18. Be5 Rb4 19. Nc3 Bb7 20. Nxd5 Bxd5 21. Rxd5 exd5 22. Bc3 Qb6 23. Bxb4 Qxb4 24. Bd3 Rb8 25. b3 c4 26. Bf5 c3 27. Qe3 Bc5 28. Qc1 d4 0-1


[Site "https://www.chess.com"]

[Event "Titled Tuesday Blitz March 01 Early 2022"]
[White "Danielian, Vardan"]
[Black "Csonka, Balazs"]
[WhiteFideId "13301594"]
[BlackFideId "742910"]
[WhiteElo "2489"]
[BlackElo "2404"]
[Result "0-1"]
[Round "09"]
[TimeControl "180+1"]
[Date "2022.03.01"]
[WhiteClock "0:01:22"]
[BlackClock "0:00:14"]

1. d4 Nf6 2. Nf3 e6 3. c4 d5 4. cxd5 exd5 5. Nc3 a6 6. Bg5 Be6 7. e3 Nbd7 8. Bd3 h6 9. Bh4 g5 10. Bg3 Nh5 11. Be5 Nhf6 12. Bg3 c6 13. Qc2 Nh5 14. Bf5 Qf6 15. Bxe6 fxe6 16. Ne5 Nxg3 17. Nxd7 Kxd7 18. hxg3 Bd6 19. O-O-O Raf8 20. f4 Kc8 21. a3 Kb8 22. Kb1 Qg7 23. Na4 h5 24. Nc5 Bxc5 25. Qxc5 gxf4 26. gxf4 Qxg2 27. Rxh5 Qg6+ 28. f5 Qxh5 29. Qd6+ Ka8 30. Rg1 Qxf5+ 0-1


[Site "https://www.chess.com"]

[Event "Titled Tuesday Blitz March 01 Early 2022"]
[White "Desideri, Ricardo Maruchi"]
[Black "Bashirli, Saadat"]
[WhiteFideId "2110440"]
[BlackFideId "13429990"]
[WhiteElo "1945"]
[BlackElo "1173"]
[Result "1-0"]
[Round "09"]
[TimeControl "180+1"]
[Date "2022.03.01"]
[WhiteClock "0:00:20"]
[BlackClock "0:00:42"]

1. e4 c5 2. Nf3 g6 3. d4 cxd4 4. Nxd4 Nc6 5. Be3 Nf6 6. Nc3 Bg7 7. Bc4 O-O 8. Bb3 d6 9. h3 Bd7 10. f4 a5 11. a4 Nh5 12. Nde2 e5 13. g4 exf4 14. Nxf4 Nxf4 15. Bxf4 Qh4+ 16. Kf1 Bd4 17. Rh2 Ne5 18. Qxd4 Nf3 19. Qf2 Nxh2+ 20. Qxh2 Qf6 21. g5 Qd4 22. Rd1 Qb6 23. Rxd6 Bc6 24. Nd5 Qa6+ 25. Ke1 Qa7 26. Be3 Qb8 27. Ne7+ Kg7 28. Qe5+ f6 29. gxf6+ Kh8 30. f7# 1-0


[Site "https://www.chess.com"]

[Event "Titled Tuesday Blitz March 01 Early 2022"]
[White "Devaev, Alexander"]
[Black "Bodnaruk, Anastasia"]
[WhiteFideId "4169395"]
[BlackFideId "4181751"]
[WhiteElo "2185"]
[BlackElo "2393"]
[Result "0-1"]
[Round "09"]
[TimeControl "180+1"]
[Date "2022.03.01"]
[WhiteClock "0:01:23"]
[BlackClock "0:01:31"]

1. Nf3 Nf6 2. d4 g6 3. c4 Bg7 4. Nc3 O-O 5. e4 d6 6. h3 e5 7. d5 a5 8. Bg5 Qe8 9. Be2 Na6 10. g4 Nd7 11. h4 Ndc5 12. Rg1 Bd7 13. h5 a4 14. Qd2 c6 15. Bh6 cxd5 16. cxd5 b5 17. Qe3 b4 18. Nd1 Bb5 19. Rc1 Bxe2 20. Qxe2 Bxh6 0-1


[Site "https://www.chess.com"]

[Event "Titled Tuesday Blitz March 01 Early 2022"]
[White "Di Nicolantonio, Lucas"]
[Black "Gabrielian, Artur"]
[WhiteFideId "680460"]
[BlackFideId "4131002"]
[WhiteElo "2381"]
[BlackElo "2440"]
[Result "0-1"]
[Round "09"]
[TimeControl "180+1"]
[Date "2022.03.01"]
[WhiteClock "0:00:05"]
[BlackClock "0:00:58"]

1. d4 Nf6 2. Bg5 g6 3. Bxf6 exf6 4. e3 d5 5. g3 c6 6. Bg2 Bd6 7. Ne2 f5 8. Nd2 Nd7 9. c4 dxc4 10. Nxc4 Bb4+ 11. Nc3 Nf6 12. Qb3 Be7 13. O-O O-O 14. Ne5 Qb6 15. Nc4 Qa6 16. Ne5 Be6 17. Qc2 Rac8 18. a3 Bd6 19. b4 Bxe5 20. dxe5 Ng4 21. Na4 Nxe5 22. Nc5 Qc4 23. Qb2 Nd3 24. Nxd3 Qxd3 25. Rfd1 Qb5 26. Qf6 Qb6 27. h4 h5 28. Bf3 Rfd8 29. Bxh5 gxh5 30. Qg5+ Kf8 31. Qxh5 Rxd1+ 32. Rxd1 Rd8 33. Qh6+ Ke7 34. Rxd8 Qxd8 35. h5 Qd1+ 36. Kh2 Bd5 37. Qg5+ Ke6 38. e4 Bxe4 39. Qh6+ Kd7 0-1


[Site "https://www.chess.com"]

[Event "Titled Tuesday Blitz March 01 Early 2022"]
[White "Dolzhykova, Kateryna"]
[Black "Kouskoutis, Georgios-Alexandros"]
[WhiteFideId "14113414"]
[BlackFideId "4234049"]
[WhiteElo "2165"]
[BlackElo "2130"]
[Result "1-0"]
[Round "09"]
[TimeControl "180+1"]
[Date "2022.03.01"]
[WhiteClock "0:00:22"]
[BlackClock "0:00:04"]

1. e4 c5 2. Nf3 e6 3. d3 Nc6 4. g3 g6 5. Bg2 Bg7 6. O-O Nge7 7. Nc3 O-O 8. Be3 Nd4 9. Ne2 Nxf3+ 10. Bxf3 d6 11. c3 Qc7 12. Qd2 b6 13. h4 Bb7 14. h5 d5 15. Bh6 dxe4 16. dxe4 Rad8 17. Qg5 f6 18. Qe3 g5 19. Bxg7 Kxg7 20. Bg2 e5 21. f4 h6 22. fxg5 fxg5 23. g4 Rf4 24. Nxf4 exf4 25. Qe2 Nc6 26. e5 Re8 27. e6 Bc8 28. Bd5 Ne7 29. Bc4 b5 30. Bxb5 Rd8 31. Rad1 c4 32. Rxd8 Qxd8 33. Qe5+ Kg8 34. Bxc4 Qb6+ 35. Qd4 Qxd4+ 36. cxd4 Bb7 37. Rd1 Nd5 38. Bxd5 Bxd5 39. e7 Kf7 40. Re1 Ke8 41. a3 Bf3 42. Kf2 Bxg4 43. d5 Bxh5 44. d6 Bg4 45. b4 Bd7 46. Rh1 g4 47. Rxh6 g3+ 48. Kg1 f3 49. Rh8+ Kf7 50. Rf8+ Kg7 51. e8=Q f2+ 52. Kg2 1-0


[Site "https://www.chess.com"]

[Event "Titled Tuesday Blitz March 01 Early 2022"]
[White "Dubov, Daniil"]
[Black "Ahmadzada, Ahmad"]
[WhiteFideId "24126055"]
[BlackFideId "13413007"]
[WhiteElo "2791"]
[BlackElo "2228"]
[Result "1-0"]
[Round "09"]
[TimeControl "180+1"]
[Date "2022.03.01"]
[WhiteClock "0:00:12"]
[BlackClock "0:00:02"]

1. e4 e5 2. Nf3 Nf6 3. Nc3 Bb4 4. Nxe5 O-O 5. Nd3 Bxc3 6. dxc3 Nxe4 7. Nf4 Re8 8. Be2 d6 9. O-O Nd7 10. c4 Ndf6 11. a4 a5 12. Ra3 b6 13. Re3 Bb7 14. b3 Nc5 15. Rxe8+ Qxe8 16. Bb2 Ne6 17. Nd5 Nxd5 18. cxd5 Bxd5 19. Qxd5 Nf4 20. Qf3 Nxe2+ 21. Kh1 c5 22. Rd1 Nd4 23. Bxd4 cxd4 24. g3 Rc8 25. Rxd4 Rxc2 26. Rxd6 g6 27. Kg2 Rc1 28. Qf6 Qe4+ 29. f3 Qe2+ 30. Kh3 Rc8 31. Rxb6 h5 32. Rd6 Qf1+ 33. Kh4 Qe2 34. h3 Qe3 35. f4 Qe4 36. Kg5 1-0


[Site "https://www.chess.com"]

[Event "Titled Tuesday Blitz March 01 Early 2022"]
[White "Escudero Donoso, Felipe"]
[Black "Politov, Pavel Y."]
[WhiteFideId "3410595"]
[BlackFideId "24110515"]
[WhiteElo "2184"]
[BlackElo "2090"]
[Result "0-1"]
[Round "09"]
[TimeControl "180+1"]
[Date "2022.03.01"]
[WhiteClock "0:00:15"]
[BlackClock "0:00:54"]

1. Nf3 d5 2. d4 Nf6 3. c4 dxc4 4. e3 e6 5. Bxc4 c5 6. O-O a6 7. Be2 b5 8. dxc5 Bxc5 9. Qxd8+ Kxd8 10. Ne5 Ke7 11. Bf3 Ra7 12. Nd2 Bd6 13. Nd3 Bb7 14. b3 Bxf3 15. Nxf3 Nbd7 16. Bb2 Rc7 17. Rac1 Rhc8 18. Nd4 Nc5 19. Nxc5 Bxc5 20. Rfd1 Bxd4 21. Rxc7+ Rxc7 22. Bxd4 Rc2 23. a4 Ne4 24. f3 Nd2 25. axb5 axb5 26. Bxg7 Nxb3 27. Be5 Rc1 28. Rxc1 Nxc1 29. Bc3 Ne2+ 30. Kf2 Nxc3 31. Ke1 b4 32. Kd2 Kd6 33. Kd3 Kc5 34. e4 Nb5 35. g4 e5 36. h4 b3 37. g5 Kb4 38. h5 b2 39. Kc2 Ka3 40. g6 fxg6 41. hxg6 hxg6 42. f4 Ka2 43. fxe5 b1=Q+ 44. Kd2 Qxe4 45. e6 Qxe6 46. Kd3 Qd5+ 47. Ke2 Qd4 48. Kf3 Nd6 49. Kg2 Qe3 50. Kh2 Qf3 51. Kg1 Qe2 52. Kh1 Nf7 53. Kg1 Ne5 54. Kh1 Ng4 55. Kg1 Qf2+ 56. Kh1 Qh2# 0-1


[Site "https://www.chess.com"]

[Event "Titled Tuesday Blitz March 01 Early 2022"]
[White "Fier, Alexandr"]
[Black "Goltseva, Ekaterina"]
[WhiteFideId "2107139"]
[BlackFideId "24173770"]
[WhiteElo "2569"]
[BlackElo "2140"]
[Result "1-0"]
[Round "09"]
[TimeControl "180+1"]
[Date "2022.03.01"]
[WhiteClock "0:00:39"]
[BlackClock "0:00:02"]

1. e4 e5 2. f4 d5 3. exd5 exf4 4. Nf3 Bd6 5. Bb5+ c6 6. dxc6 bxc6 7. Bc4 Nf6 8. d4 O-O 9. O-O Bg4 10. Nc3 Nbd7 11. Ne2 Nb6 12. Bd3 Nbd5 13. c4 Ne3 14. Bxe3 fxe3 15. Qc2 Re8 16. Rae1 Qc7 17. h3 Bh5 18. Nh4 Bg6 19. Rxf6 gxf6 20. Nf5 Bxf5 21. Bxf5 Bg3 22. Bxh7+ Kg7 23. Rf1 Bf2+ 24. Kh1 Rh8 25. Bf5 Rh4 26. Ng1 Rah8 27. Nf3 R4h6 28. Rxf2 exf2 29. Qxf2 Qf4 30. Qc2 Rh5 31. Be4 Re8 32. Bxc6 Re3 33. c5 Qg3 34. Qd2 Qf4 35. Qf2 Rd3 36. Qe2 Qc1+ 37. Ng1 Rd1 38. Qxh5 Rxg1+ 39. Kh2 Rf1 40. Qg4+ Kf8 41. Bf3 Rh1+ 42. Kg3 Qe1+ 43. Kf4 Qd2+ 44. Kf5 Re1 45. Qf4 Qd3+ 46. Kg4 Qg6+ 47. Kh4 Qh7+ 48. Kg3 Qg6+ 49. Kf2 Qb1 50. Qxf6 Rf1+ 51. Kg3 Qd3 52. Qd6+ Kg7 53. Qe5+ Kf8 54. c6 1-0


[Site "https://www.chess.com"]

[Event "Titled Tuesday Blitz March 01 Early 2022"]
[White "Gabdrakhmanov, Azat"]
[Black "Eynullayev, Atilla"]
[WhiteFideId "34189197"]
[BlackFideId "13413570"]
[WhiteElo "2279"]
[BlackElo "1979"]
[Result "1/2-1/2"]
[Round "09"]
[TimeControl "180+1"]
[Date "2022.03.01"]
[WhiteClock "0:00:11"]
[BlackClock "0:00:11"]

1. e4 c5 2. Nf3 e6 3. d4 cxd4 4. Nxd4 Nc6 5. Nc3 a6 6. Be3 Nf6 7. f3 Bb4 8. Qd2 d5 9. a3 Qa5 10. Nb3 Bxc3 11. bxc3 Qc7 12. Bg5 dxe4 13. Bxf6 gxf6 14. fxe4 Ne5 15. O-O-O Bd7 16. c4 Rc8 17. Be2 Ba4 18. Qb4 b5 19. Na5 Qe7 20. Rd4 Qxb4 21. axb4 bxc4 22. Nxc4 O-O 23. Na3 Nc6 24. Rc4 Bb5 25. Nxb5 axb5 26. Rc3 Nxb4 27. Kb2 Nc6 28. Rd1 b4 29. Rc5 Ne5 30. Rb5 Rc3 31. Rxb4 Rfc8 32. Rd2 R3c5 33. Rb3 Kg7 34. Rb4 Kg6 35. h3 h6 36. g3 Nc6 37. Rb3 Ne5 38. Rb7 Nc4+ 39. Bxc4 Rxc4 40. Re2 Rd4 41. Rb3 Rcc4 42. Rbe3 Kg7 43. c3 Rd6 44. Kb3 Rdc6 45. Rd2 R4c5 46. Rd4 Rb6+ 47. Rb4 Rbc6 48. c4 Re5 49. Rb5 Kf8 50. Rxe5 fxe5 51. Kb4 Ke7 52. Ra3 Rb6+ 53. Kc3 Kd6 54. Ra7 f5 55. exf5 exf5 56. Rf7 Ke6 57. Rh7 Rb1 58. Rxh6+ Kf7 59. Rd6 Rg1 60. Rd3 e4 61. Re3 Kf6 62. Kd4 Rd1+ 63. Kc5 Ke5 64. Ra3 Rd3 65. Ra8 Rxg3 66. h4 Rh3 67. Rh8 f4 68. Re8+ Kf5 69. Kd4 Rd3+ 70. Kc5 f3 71. Kb4 Kg4 72. Rxe4+ Kg3 73. Re8 f2 74. Rg8+ Kh3 75. Rf8 Kg2 76. Rxf2+ Kxf2 77. c5 Ke3 78. c6 Rd1 79. Kc5 Ke4 80. c7 Rc1+ 81. Kd6 Kf5 82. Kd7 Kg4 83. c8=Q Rxc8 84. Kxc8 Kxh4 1/2-1/2


[Site "https://www.chess.com"]

[Event "Titled Tuesday Blitz March 01 Early 2022"]
[White "Gaehwiler, Gabriel"]
[Black "Sargsyan, Anna M."]
[WhiteFideId "1314530"]
[BlackFideId "13308130"]
[WhiteElo "2383"]
[BlackElo "2271"]
[Result "0-1"]
[Round "09"]
[TimeControl "180+1"]
[Date "2022.03.01"]
[WhiteClock "0:00:03"]
[BlackClock "0:00:11"]

1. Nf3 d5 2. d4 Nf6 3. c4 c6 4. Nc3 dxc4 5. a4 Bf5 6. Ne5 Nbd7 7. Nxc4 Qc7 8. g3 e5 9. dxe5 Nxe5 10. Bf4 Nfd7 11. Bg2 g5 12. Bxe5 Nxe5 13. Qd4 f6 14. O-O-O Rd8 15. Qe3 Be7 16. Rxd8+ Kxd8 17. Rd1+ Kc8 18. Be4 Bg6 19. Bxg6 hxg6 20. Nxe5 Qxe5 21. Qxe5 fxe5 22. Rh1 Kd7 23. g4 Ke6 24. h3 a5 25. Kc2 b5 26. axb5 cxb5 27. Nxb5 Bc5 28. e3 Rf8 29. Rh2 e4 30. Nc3 Ke5 31. Nd1 Rc8 32. Kb1 Rd8 33. Kc2 Rc8 34. Nc3 Rf8 35. Kd1 Rb8 36. Kc1 Rf8 37. Nd1 Rc8 38. Kb1 Rd8 39. Nc3 Bb4 40. Kc2 Rf8 41. Ne2 Rc8+ 42. Kb1 Rf8 43. Nd4 Be1 44. Rh1 Bxf2 45. Rf1 Rf6 46. Nc2 Rf3 47. Ka2 Bh4 48. Rd1 Rxh3 49. Rd7 Bf2 50. Re7+ Kd5 51. Rd7+ Kc6 52. Re7 Bxe3 53. Rxe4 Bf4 54. Re6+ Kd5 55. Rxg6 Rh2 56. Kb3 Rg2 57. Ra6 Bd2 58. Rxa5+ Bxa5 59. Ne3+ Ke4 60. Nxg2 Kf3 61. Ka4 Bd2 0-1


[Site "https://www.chess.com"]

[Event "Titled Tuesday Blitz March 01 Early 2022"]
[White "Gatterer, Florian"]
[Black "Moreira, Ronaldo Alonso"]
[WhiteFideId "811688"]
[BlackFideId "2110547"]
[WhiteElo "2218"]
[BlackElo "2037"]
[Result "1-0"]
[Round "09"]
[TimeControl "180+1"]
[Date "2022.03.01"]
[WhiteClock "0:00:54"]
[BlackClock "0:00:01"]

1. e4 e5 2. Nf3 Nc6 3. Bb5 a6 4. Ba4 Nf6 5. O-O Be7 6. d3 b5 7. Bb3 O-O 8. a3 d6 9. Nc3 Bg4 10. Bg5 Na5 11. Ba2 h6 12. Bxf6 Bxf6 13. h3 Be6 14. Nd5 c6 15. Ne3 Bxa2 16. Rxa2 g6 17. Qe2 Re8 18. b3 Qc7 19. Raa1 Rad8 20. b4 Nb7 21. c4 Bg7 22. Rfc1 Qb6 23. a4 bxa4 24. Rxa4 a5 25. bxa5 Nxa5 26. Qa2 Nb7 27. Rb1 Qc7 28. Ra7 Rb8 29. Qa6 Nc5 30. Rxb8 Qxb8 31. Qa2 Nxd3 32. Ng4 Nc5 33. h4 Nxe4 34. Ne3 Nc5 35. g3 e4 36. Nh2 Qb3 37. Qa5 Qb1+ 38. Kg2 Nd3 39. Qc7 Qb2 40. Qxf7+ Kh8 41. Neg4 Rf8 42. Nxh6 Rxf7 43. Nxf7+ Kg8 44. Ng4 Kf8 45. Ng5 Ne5 46. Ne6+ Ke8 47. Nxe5 1-0


[Site "https://www.chess.com"]

[Event "Titled Tuesday Blitz March 01 Early 2022"]
[White "Gelman, Alexander"]
[Black "Coto Mederos, Michel"]
[WhiteFideId "4118316"]
[BlackFideId "3508528"]
[WhiteElo "2375"]
[BlackElo "2427"]
[Result "1-0"]
[Round "09"]
[TimeControl "180+1"]
[Date "2022.03.01"]
[WhiteClock "0:00:06"]
[BlackClock "0:00:11"]

1. d4 d5 2. Nc3 Nf6 3. Bf4 Bf5 4. f3 e6 5. g4 Bg6 6. h4 h5 7. g5 Nfd7 8. e4 Bb4 9. exd5 exd5 10. Qe2+ Kf8 11. Qh2 Nc6 12. O-O-O Bxc3 13. bxc3 Qe7 14. Bxc7 Qa3+ 15. Kd2 Qxa2 16. Qd6+ Kg8 17. Qxd7 Qxc2+ 18. Ke1 Qxc3+ 19. Kf2 Nxd4 20. Be5 Qc2+ 21. Be2 Nc6 22. Ba1 Kh7 23. Nh3 Rhe8 24. Nf4 Ne5 25. Qxd5 Rad8 26. Qxd8 Rxd8 27. Rxd8 Nxf3 28. Nxg6 Qc5+ 29. Kxf3 Qc6+ 30. Kg3 Qc7+ 31. Nf4 Qxd8 32. Rd1 Qc7 33. Bxh5 g6 34. Bf3 b5 35. Bf6 b4 36. Rd8 Qxd8 37. Bxd8 b3 38. Bd5 a5 39. Bxb3 f5 40. gxf6 a4 41. Bxa4 g5 42. hxg5 Kh8 43. Kg4 Kh7 44. Kf5 Kg8 45. Ke6 Kh7 46. f7 Kh8 47. Bf6+ Kh7 48. Bc2# 1-0


[Site "https://www.chess.com"]

[Event "Titled Tuesday Blitz March 01 Early 2022"]
[White "Gerbelli Neto, Eduardo"]
[Black "Pasti, Aron"]
[WhiteFideId "2103281"]
[BlackFideId "785857"]
[WhiteElo "2178"]
[BlackElo "2080"]
[Result "1-0"]
[Round "09"]
[TimeControl "180+1"]
[Date "2022.03.01"]
[WhiteClock "0:01:00"]
[BlackClock "0:00:06"]

1. e4 e5 2. Nc3 Nf6 3. f4 d6 4. Nf3 Nc6 5. Bb5 Bg4 6. O-O a6 7. Bxc6+ bxc6 8. d3 Be7 9. h3 Bxf3 10. Qxf3 Qd7 11. fxe5 dxe5 12. Be3 O-O 13. Qg3 Bd6 14. Rxf6 Be7 15. Rf2 Rab8 16. b3 Qd8 17. Bh6 Bf6 18. Raf1 Kh8 19. Rxf6 Qd4+ 20. Kh2 Rg8 21. Ne2 Qc5 22. Be3 Qxc2 23. Qf3 gxf6 24. Qxf6+ Rg7 25. Bh6 Rg8 26. Bxg7+ Rxg7 27. Ng3 Qxd3 28. Nh5 Qxf1 29. Qxg7# 1-0


[Site "https://www.chess.com"]